 Dungeon Sprint DCSS version 0.17-a0-957-ga3519be (webtiles) character file.

52222 ahoge the Peltast (level 14, 0/104 HPs)
             Began as a Gargoyle Fighter on May 7, 2015.
             Was a High Priest of Okawaru.
             Slain by a tentacled monstrosity (8 damage)
             ... summoned by a lich
             ... in the Dungeon (Sprint IX: "|||||||||||||||||||||||||||||").
             The game lasted 00:18:42 (2565 turns).

ahoge the Peltast (Gargoyle Fighter)                Turns: 2565, Time: 00:18:43

Health: 0/104      AC: 23    Str: 27    XL:     14   Next: 63%
Magic:  32/32      EV: 16    Int: 13    God:    Okawaru [*****.]
Gold:   911        SH: 18    Dex: 13    Spells: 0 memorised, 13 levels left

rFire  + + +     SeeInvis .     q - +1 broad axe of Oggaur {venom, Int+4 Stlth+}
rCold  + + +     Clarity  .     w - +1 ring mail "Xuoxkuxots" {rF+ MR- MP+9}
rNeg   + . .     SustAb   +     y - +2 shield of Resistance {rF+ rC+ MR+}
rPois  ∞         Gourm    .     G - -2 helmet of Coronation {Str+3}
rElec  +         Spirit   .     E - +1 cloak
rCorr  +         Warding  .     s - +0 pair of gloves
rMut   .         NoTele   +     K - +1 pair of boots
MR     .....                    (no amulet)
Stlth  ++++......               I - ring "Ronk" {SustAb rElec rC+ MR- Stlth+}
                                u - +3 ring of strength

@: resistant, constricted, not resistant to hostile enchantments, stealthy
A: big wings, blurry vision 1, negative energy resistance 1, regeneration 3,
electricity resistance, unbreathing, petrification resistance, rot immunity, AC
+9
a: Fly, Heroism, Finesse, Renounce Religion


You were in the Dungeon.
You worshipped Okawaru.
Okawaru was extremely pleased with you.
You were not hungry.

You visited 1 branch You collected 1900 gold pieces.
You spent 989 gold pieces at shops.

Inventory:

Hand weapons
 a - a +0 flail
 q - the +1 broad axe of Oggaur (weapon) {venom, Int+4 Stlth+}
   (You found it in the Dungeon)

   It poisons the flesh of those it strikes.
   It affects your intelligence (+4).
   It makes you more stealthy.
 O - a +2 morningstar of holy wrath
Armour
 b - a +0 scale mail
 c - a +0 shield
 s - a +0 pair of gloves (worn)
 t - a +2 ring mail
 w - the +1 ring mail "Xuoxkuxots" (worn) {rF+ MR- MP+9}
   (Okawaru gifted it to you in the Dungeon)

   It protects you from fire.
   It affects your resistance to hostile enchantments.
   It affects your magic capacity (+9).
 y - the +2 shield of Resistance (worn) {rF+ rC+ MR+}
   (You found it in the Dungeon)

   It protects you from fire.
   It protects you from cold.
   It affects your resistance to hostile enchantments.
 E - a +1 cloak (worn)
 F - a +0 large shield of poison resistance
 G - the -2 helmet of Coronation (worn) {Str+3}
   (You bought it in a shop in the Dungeon)

   It affects your strength (+3).
 H - the +1 robe of Card Tricks {+Fly Str+4 Stlth+}
   (You bought it in a shop in the Dungeon)

   It affects your strength (+4).
   It lets you fly.
   It makes you more stealthy.
 K - a +1 pair of boots (worn)
 P - a +0 cloak of invisibility
Jewellery
 l - an uncursed ring of ice
 u - a +3 ring of strength (left hand)
 v - a +3 ring of strength
 I - the ring "Ronk" (right hand) {SustAb rElec rC+ MR- Stlth+}
   (You bought it in a shop in the Dungeon)

   [ring of sustain abilities]

   It sustains your strength, intelligence and dexterity.
   It protects you from cold.
   It insulates you from electricity.
   It affects your resistance to hostile enchantments.
   It makes you more stealthy.
 J - an uncursed ring of fire
Magical devices
 p - a wand of draining (7)
 Q - a wand of random effects (24)
Scrolls
 k - 4 scrolls of blinking
 n - 4 scrolls of remove curse
 o - 2 scrolls of amnesia
 z - 2 scrolls of fear
 A - a scroll of fog
 B - a scroll of silence
 L - a scroll of identify
 M - a scroll of recharging
Potions
 d - 4 potions of might
 f - 6 potions of curing
 h - 4 potions of haste
 i - 4 potions of magic
 j - a potion of berserk rage
 m - a potion of invisibility
 r - a potion of brilliance
Comestibles
 e - 14 bread rations
 C - 40 fruits
 D - 12 meat rations
 N - 2 chunks of flesh


   Skills:
 + Level 18.2 Fighting
 + Level 18.7(18.9) Axes
 + Level 6.3(14.7) Maces & Flails
 + Level 10.6 Armour
 + Level 13.8 Dodging
 + Level 4.0 Stealth
 + Level 19.8 Shields
 + Level 12.9 Invocations


You had 13 spell levels left.
You didn't know any spells.

Dungeon Overview and Level Annotations

Branches:
Dungeon (1/1)

Altars:
Cheibriados
Dithmenos
Elyvilon
Fedhas
Gozag
Kikubaaqudgha
Makhleb
Nemelex Xobeh
Okawaru
Qazlal
Ru
Sif Muna
Trog
Vehumet
Xom
Yredelemnul
Zin
The Shining One
Beogh
Jiyva
Lugonu

Shops:
D *(*=


Innate Abilities, Weirdness & Mutations

You are resistant to torment.
Your stone body is resilient (AC +9).
You are immune to poison.
Your large and strong wings let you fly indefinitely.
You resist negative energy.
You are resistant to electric shocks.
You can survive without breathing.
You are immune to petrification.
You are immune to rotting.
Scrolls take you a little longer to read.
You regenerate.


Message History

The shard of ice hits you! You partially resist.
* * * LOW HITPOINT WARNING * * *
You hit the lich but do no damage.
The lich is lightly damaged.
You slash the tentacled monstrosity!
The tentacled monstrosity is lightly wounded.
The tentacled monstrosity misses you.
You block the tentacled monstrosity's attack.
The tentacled monstrosity tentacle-slaps you but does no damage.
The tentacled monstrosity constricts you.
Drink which item? (? for menu, Esc to quit)
You can't drink that!
Drink which item? (? for menu, Esc to quit)
You feel protected. You block the lich's attack.
The tentacled monstrosity tentacle-slaps you.
* * * LOW HITPOINT WARNING * * *
The tentacled monstrosity tentacle-slaps you but does no damage.
The tentacled monstrosity misses you.
You die...

▓▓▓▓▓▓▓▓▓▓▓▓▓▓▓▓▓▓▓▓▓▓▓
.(.').(((()[.(.X@LXX..+
▓▓▓▓▓▓▓▓▓▓▓▓▓▓▓▓▓▓▓▓▓▓▓▓▓▓▓▓▓▓▓▓▓
.................................
▓▓▓▓▓▓▓▓▓▓▓▓▓▓▓▓▓▓▓▓▓▓▓▓▓▓▓▓▓▓▓♣♣
.')()(.()).')[).)....%.%%%.....%[
▓▓▓▓▓▓▓▓▓▓▓▓▓▓▓▓▓▓▓▓▓▓▓▓▓▓▓▓▓▓▓♣♣
...................).............
▓▓▓▓▓▓▓▓▓▓▓▓▓▓▓▓▓▓▓▓▓▓▓▓▓▓▓▓▓▓▓▓▓
.)))))))).[[[[[[[[..........)..))


You could see a tentacled monstrosity, a lich and 2 large abominations.

Vanquished Creatures
  A quicksilver dragon (D)
  2 greater nagas (D)
  A frost giant (D)
  2 fire giants (D)
  Maud (D)
  2 emperor scorpions (D)
  A very ugly thing (D)
  3 stone giants (D)
  2 ettins (D)
  2 merfolk impalers (D)
  A rakshasa (D)
  2 ogre magi (D)
  An entropy weaver (D)
  2 yaktaur captains (D)
  An ice dragon (D)
  A centaur warrior (D)
  An alligator (D)
  2 deep troll earth magi (D)
  2 anacondas (D)
  A spriggan berserker (D)
  A vampire mage (D)
  Urug (D)
  A tengu warrior (D)
  A hell knight (D)
  An iron troll (D)
  A swamp dragon (D)
  A sea snake (D)
  A giant orange brain (D)
  4 hill giants (D)
  3 deep trolls (D)
  An ugly thing (D)
  2 orc knights (D)
  A griffon (D)
  2 orc sorcerers (D)
  3 cyclopes (D)
  A hornet (D)
  4 black mambas (D)
  A naga mage (D)
  An orange demon (D)
  A komodo dragon (D)
  9 spiny frogs (D)
  2 demonic crawlers (D)
  4 trolls (D)
  2 merfolk (D)
  A two-headed ogre (D)
  2 jumping spiders (D)
  2 giant leeches (D)
  A snapping turtle (D)
  A raven (D)
  2 slime creatures (D)
  2 blink frogs (D)
  A wyvern (D)
  2 trapdoor spiders (D)
  A deep elf mage (D)
  A yak (D)
  Eustachio (D)
  Grum (D)
  3 wolves (D)
  An insubstantial wisp (D)
  A soldier ant (D)
  A naga (D)
  A porcupine (D)
  A vampire mosquito (D)
  An ice beast (D)
  4 water moccasins (D)
  A spider (D)
  A sky beast (D)
  8 orc warriors (D)
  2 crocodiles (D)
  A giant frog (D)
  A crimson imp (D)
  2 orc wizards (D)
  A quasit (D)
  2 hounds (D)
  4 orc priests (D)
  An iguana (D)
  A shadow imp (D)
  An adder zombie (D)
  10 orcs (D)
  2 bats (D)
  4 goblins (D)
  A giant gecko skeleton (D)
  A giant gecko zombie (D)
  4 rats (D)
159 creatures vanquished.

Vanquished Creatures (others)
  An unseen horror (D)
  A mana viper (D)
  2 plants (D)
4 creatures vanquished.

Grand Total: 163 creatures vanquished

Notes
Turn   | Place    | Note
--------------------------------------------------------------
     0 | D        | ahoge, the Gargoyle Fighter, began the quest for the Orb.
     0 | D        | Reached XP level 1. HP: 14/14 MP: 1/1
    13 | D        | Reached skill level 4 in Shields
    74 | D        | Noticed a crimson imp
    74 | D        | Noticed a hound
    74 | D        | Noticed a hound
    76 | D        | Reached XP level 2. HP: 20/20 MP: 2/2
    85 | D        | Killed a hound
    85 | D        | Reached skill level 5 in Shields
    85 | D        | Reached XP level 3. HP: 22/25 MP: 3/3
   108 | D        | Killed a hound
   108 | D        | Reached skill level 5 in Fighting
   108 | D        | Reached skill level 5 in Armour
   108 | D        | Reached skill level 1 in Dodging
   108 | D        | Reached skill level 6 in Shields
   108 | D        | Reached XP level 4. HP: 17/31 MP: 4/4
   137 | D        | Killed a crimson imp
   276 | D        | Found a glowing silver altar of Zin.
   276 | D        | Found a glowing golden altar of the Shining One.
   276 | D        | Found an ancient bone altar of Kikubaaqudgha.
   276 | D        | Found a basalt altar of Yredelemnul.
   276 | D        | Found a shimmering altar of Xom.
   276 | D        | Found a radiant altar of Vehumet.
   277 | D        | Found an iron altar of Okawaru.
   278 | D        | Found a burning altar of Makhleb.
   279 | D        | Found a deep blue altar of Sif Muna.
   280 | D        | Found a bloodstained altar of Trog.
   281 | D        | Found a sparkling altar of Nemelex Xobeh.
   282 | D        | Found a white marble altar of Elyvilon.
   283 | D        | Found a roughly hewn altar of Beogh.
   284 | D        | Found a viscous altar of Jiyva.
   285 | D        | Became a worshipper of Warmaster Okawaru
   286 | D        | Found a corrupted altar of Lugonu.
   287 | D        | Found a blossoming altar of Fedhas.
   288 | D        | Found a snail-covered altar of Cheibriados.
   289 | D        | Found a shadowy altar of Dithmenos.
   290 | D        | Found a stormy altar of Qazlal.
   291 | D        | Found an opulent altar of Gozag.
   292 | D        | Found a sacrificial altar of Ru.
   309 | D        | Got the +1 broad axe of Oggaur {venom, Int+4 Stlth+}
   343 | D        | Noticed a sky beast
   343 | D        | Noticed a yak
   361 | D        | Killed a sky beast
   361 | D        | Reached skill level 1 in Axes
   361 | D        | Reached skill level 7 in Shields
   361 | D        | Reached XP level 5. HP: 31/37 MP: 5/5
   367 | D        | Killed a yak
   367 | D        | Reached skill level 5 in Maces & Flails
   367 | D        | Reached skill level 8 in Shields
   367 | D        | Reached XP level 6. HP: 34/44 MP: 6/6
   373 | D        | Gained mutation: Your natural rate of healing is unusually fast. [mutagenic meat]
   374 | D        | Gained mutation: You heal very quickly. [mutagenic meat]
   375 | D        | Gained mutation: You are weak. (Str -2) [mutagenic meat]
   376 | D        | Gained mutation: You regenerate. [mutagenic meat]
   390 | D        | Noticed a deep elf mage
   390 | D        | Noticed a soldier ant
   390 | D        | Noticed an ice beast
   395 | D        | Killed an unseen horror
   395 | D        | Reached skill level 5 in Dodging
   395 | D        | Reached skill level 9 in Shields
   395 | D        | Reached XP level 7. HP: 26/48 MP: 7/7
   395 | D        | HP: 2/48 [deep elf mage/stone arrow (16)]
   401 | D        | Killed a deep elf mage
   401 | D        | Acquired Okawaru's first power
   408 | D        | Killed a soldier ant
   408 | D        | Reached skill level 10 in Shields
   416 | D        | Killed an ice beast
   543 | D        | Noticed an iguana
   543 | D        | Noticed a water moccasin
   543 | D        | Noticed a spiny frog
   543 | D        | Noticed a komodo dragon
   543 | D        | Noticed a spiny frog
   543 | D        | Noticed a porcupine
   545 | D        | Killed an iguana
   547 | D        | Noticed a wolf
   549 | D        | Killed a water moccasin
   549 | D        | Reached XP level 8. HP: 55/55 MP: 5/8
   550 | D        | Noticed a spiny frog
   555 | D        | Noticed a spiny frog
   556 | D        | Killed a spiny frog
   556 | D        | Reached skill level 1 in Invocations
   564 | D        | Killed a komodo dragon
   564 | D        | Received a gift from Okawaru
   564 | D        | Reached skill level 5 in Axes
   564 | D        | Reached skill level 11 in Shields
   574 | D        | Killed a spiny frog
   574 | D        | Reached XP level 9. HP: 55/61 MP: 8/10
   578 | D        | Killed a porcupine
   583 | D        | Killed a wolf
   588 | D        | Killed a spiny frog
   588 | D        | Reached skill level 10 in Fighting
   597 | D        | Killed a spiny frog
   597 | D        | Reached skill level 12 in Shields
   674 | D        | Noticed a black mamba
   674 | D        | Noticed a water moccasin
   674 | D        | Noticed a crocodile
   674 | D        | Noticed a wyvern
   674 | D        | Noticed a water moccasin
   674 | D        | Noticed a black mamba
   679 | D        | Noticed a water moccasin
   681 | D        | Killed a black mamba
   684 | D        | Noticed a blink frog
   684 | D        | Killed a water moccasin
   687 | D        | Noticed a crocodile
   687 | D        | Killed a crocodile
   691 | D        | Killed a wyvern
   691 | D        | Acquired Okawaru's second power
   694 | D        | Killed a black mamba
   694 | D        | Reached XP level 10. HP: 68/68 MP: 12/12
   699 | D        | Killed a water moccasin
   706 | D        | Killed a water moccasin
   709 | D        | Killed a crocodile
   709 | D        | Reached skill level 1 in Stealth
   716 | D        | Killed a blink frog
   731 | D        | Noticed a spiny frog
   731 | D        | Noticed a spiny frog
   731 | D        | Noticed a spiny frog
   733 | D        | Noticed a blink frog
   736 | D        | Noticed a giant frog
   738 | D        | Killed a spiny frog
   738 | D        | Reached skill level 13 in Shields
   739 | D        | Noticed a vampire mosquito
   743 | D        | Killed a spiny frog
   748 | D        | Noticed a giant leech
   752 | D        | Killed a spiny frog
   757 | D        | Killed a giant frog
   757 | D        | Received a gift from Okawaru
   761 | D        | Killed a vampire mosquito
   768 | D        | Killed a blink frog
   775 | D        | Killed a giant leech
   777 | D        | Got an ancient ring mail {god gift}
   778 | D        | Noticed a giant leech
   798 | D        | Killed a giant leech
   798 | D        | Reached skill level 10 in Axes
   809 | D        | Identified the +1 ring mail "Xuoxkuxots" {rF+ MR- MP+9} (Okawaru gifted it to you in the Dungeon)
   910 | D        | Noticed Eustachio
   924 | D        | Killed Eustachio
   957 | D        | Noticed an orc priest
   957 | D        | Noticed an orc wizard
   957 | D        | Noticed an orc priest
   959 | D        | Noticed an orc wizard
   960 | D        | Killed an orc priest
   962 | D        | Killed an orc wizard
   967 | D        | Killed an orc priest
   968 | D        | Noticed an orc priest
   970 | D        | Killed an orc wizard
   976 | D        | Noticed an orc priest
   985 | D        | Killed an orc priest
   991 | D        | Killed an orc priest
  1037 | D        | Noticed an orc sorcerer
  1037 | D        | Noticed an orc warrior
  1037 | D        | Noticed an orc warrior
  1037 | D        | Noticed an orc warrior
  1037 | D        | Noticed an orc warrior
  1043 | D        | Paralysed by an orc sorcerer for 6 turns
  1044 | D        | Noticed an orc warrior
  1049 | D        | Killed an orc sorcerer
  1049 | D        | Reached skill level 14 in Shields
  1049 | D        | Reached skill level 5 in Invocations
  1056 | D        | Killed an orc warrior
  1061 | D        | Killed an orc warrior
  1065 | D        | Noticed an orc knight
  1065 | D        | Killed an orc warrior
  1065 | D        | Reached XP level 11. HP: 76/76 MP: 15/15
  1068 | D        | Noticed an orc warrior
  1071 | D        | Killed an orc warrior
  1072 | D        | Noticed an orc warrior
  1073 | D        | Noticed an orc sorcerer
  1074 | D        | Killed an orc warrior
  1090 | D        | Killed an orc knight
  1094 | D        | Killed an orc warrior
  1097 | D        | Killed an orc warrior
  1113 | D        | Killed an orc sorcerer
  1165 | D        | Found Acij's General Store.
  1165 | D        | Noticed an ogre mage
  1165 | D        | Noticed a deep troll
  1165 | D        | Noticed an ogre mage
  1165 | D        | Noticed a troll
  1165 | D        | Noticed a hill giant
  1166 | D        | Noticed a hill giant
  1167 | D        | Noticed a troll
  1173 | D        | Killed an ogre mage
  1173 | D        | Reached skill level 10 in Armour
  1173 | D        | Reached skill level 10 in Dodging
  1174 | D        | Found Qaoq's Weapon Shoppe.
  1174 | D        | Noticed a troll
  1183 | D        | Killed a deep troll
  1186 | D        | Killed an ogre mage
  1192 | D        | Killed a troll
  1196 | D        | Killed a hill giant
  1205 | D        | Killed a hill giant
  1207 | D        | Killed a troll
  1207 | D        | Reached skill level 15 in Shields
  1208 | D        | Found Gaklyj's Assorted Antiques.
  1210 | D        | Killed a troll
  1213 | D        | Found Dotits's Jewellery Shoppe.
  1215 | D        | Noticed a deep troll
  1216 | D        | Noticed a troll
  1217 | D        | Noticed a deep troll
  1218 | D        | Noticed an iron troll
  1226 | D        | Killed a deep troll
  1227 | D        | Noticed a hill giant
  1242 | D        | Killed a troll
  1260 | D        | Killed an iron troll
  1269 | D        | Killed a deep troll
  1269 | D        | Received a gift from Okawaru
  1269 | D        | Reached XP level 12. HP: 45/84 MP: 17/17
  1274 | D        | Killed a hill giant
  1329 | D        | Bought a heavily runed helmet for 294 gold pieces
  1329 | D        | Bought a thick robe for 176 gold pieces
  1331 | D        | Bought the ring "Ronk" {SustAb rElec rC+ MR- Stlth+} for 519 gold pieces
  1344 | D        | Identified the -2 helmet of Coronation {Str+3} (You bought it in a shop in the Dungeon)
  1354 | D        | Identified the cursed +1 robe of Card Tricks {+Fly Str+4 Stlth+} (You bought it in a shop in the Dungeon)
  1456 | D        | Noticed Urug
  1468 | D        | Killed Urug
  1552 | D        | Noticed an orc warrior
  1552 | D        | Noticed a hill giant
  1552 | D        | Noticed an orc knight
  1552 | D        | Noticed a brown ugly thing
  1556 | D        | Killed an orc warrior
  1557 | D        | Noticed a griffon
  1558 | D        | Noticed an ice dragon
  1559 | D        | Noticed a trapdoor spider
  1560 | D        | Killed a trapdoor spider
  1561 | D        | Noticed a two-headed ogre
  1568 | D        | Killed a hill giant
  1569 | D        | Noticed a stone giant
  1577 | D        | Killed an orc knight
  1583 | D        | Killed a brown ugly thing
  1583 | D        | Reached skill level 16 in Shields
  1584 | D        | Noticed a hell knight
  1588 | D        | Killed a griffon
  1590 | D        | Noticed a stone giant
  1591 | D        | Noticed a deep troll earth mage
  1596 | D        | Killed an ice dragon
  1601 | D        | Noticed a tengu warrior
  1606 | D        | Noticed an ettin
  1609 | D        | Killed a stone giant
  1622 | D        | Killed a stone giant
  1625 | D        | Killed a two-headed ogre
  1634 | D        | Killed a hell knight
  1652 | D        | Killed a deep troll earth mage
  1652 | D        | Reached skill level 15 in Fighting
  1652 | D        | Reached skill level 10 in Invocations
  1660 | D        | Killed a tengu warrior
  1668 | D        | Killed an ettin
  1704 | D        | Lost mutation: You are weak. (Str -2) [mutagenic meat]
  1705 | D        | Gained mutation: Scrolls take you a little longer to read. [mutagenic meat]
  1760 | D        | Noticed Maud
  1774 | D        | Killed Maud
  1774 | D        | Reached skill level 15 in Axes
  1774 | D        | Reached XP level 13. HP: 92/92 MP: 20/20
  1825 | D        | Noticed a merfolk impaler
  1825 | D        | Noticed a cyclops
  1825 | D        | Noticed a sea snake
  1825 | D        | Noticed a merfolk impaler
  1825 | D        | Noticed a cyclops
  1825 | D        | Noticed a snapping turtle
  1829 | D        | Noticed a cyclops
  1834 | D        | Killed a merfolk impaler
  1835 | D        | Noticed a merfolk
  1840 | D        | Killed a cyclops
  1840 | D        | Received a gift from Okawaru
  1846 | D        | Killed a sea snake
  1847 | D        | Noticed a merfolk
  1859 | D        | Killed a merfolk impaler
  1863 | D        | Killed a cyclops
  1876 | D        | Killed a snapping turtle
  1881 | D        | Killed a cyclops
  1881 | D        | Reached skill level 17 in Shields
  1886 | D        | Killed a merfolk
  1892 | D        | Killed a merfolk
  1952 | D        | Noticed a naga mage
  1952 | D        | Noticed a mana viper
  1952 | D        | Noticed a black mamba
  1952 | D        | Noticed a greater naga
  1952 | D        | Noticed a greater naga
  1952 | D        | Noticed a naga
  1955 | D        | Noticed an anaconda
  1958 | D        | Killed a naga mage
  1959 | D        | Noticed an anaconda
  1960 | D        | Noticed a black mamba
  1965 | D        | Killed a greater naga
  1965 | D        | Received a gift from Okawaru
  1969 | D        | Killed a mana viper
  1976 | D        | Killed a greater naga
  1982 | D        | Killed an anaconda
  2003 | D        | Killed an anaconda
  2004 | D        | Killed a black mamba
  2008 | D        | Killed a naga
  2016 | D        | Killed a black mamba
  2038 | D        | Noticed a demonic crawler
  2038 | D        | Noticed a demonic crawler
  2038 | D        | Noticed a hornet
  2038 | D        | Noticed an emperor scorpion
  2038 | D        | Noticed a jumping spider
  2038 | D        | Noticed an emperor scorpion
  2040 | D        | Noticed a spider
  2046 | D        | Killed a demonic crawler
  2048 | D        | Killed a jumping spider
  2054 | D        | Killed a demonic crawler
  2054 | D        | Received a gift from Okawaru
  2055 | D        | Noticed a jumping spider
  2057 | D        | Noticed a trapdoor spider
  2067 | D        | Killed a jumping spider
  2074 | D        | Killed an emperor scorpion
  2074 | D        | Reached skill level 18 in Shields
  2114 | D        | Killed an emperor scorpion
  2117 | D        | Killed a hornet
  2122 | D        | Killed a trapdoor spider
  2125 | D        | Killed a spider
  2165 | D        | Noticed a spiny frog
  2165 | D        | Noticed an insubstantial wisp
  2165 | D        | Noticed a spiny frog
  2165 | D        | Noticed an alligator
  2170 | D        | Killed a spiny frog
  2171 | D        | Noticed a raven
  2178 | D        | Killed an insubstantial wisp
  2183 | D        | Killed a spiny frog
  2188 | D        | Noticed a swamp dragon
  2194 | D        | Killed an alligator
  2198 | D        | Noticed a slime creature
  2198 | D        | Killed a raven
  2202 | D        | Killed a swamp dragon
  2207 | D        | Killed a slime creature
  2207 | D        | Gained mutation: Your large and strong wings let you fly indefinitely. [Gargoyle growth]
  2207 | D        | Reached XP level 14. HP: 82/102 MP: 22/22
  2239 | D        | Noticed Grum
  2241 | D        | Noticed a wolf
  2244 | D        | Killed Grum
  2248 | D        | Killed a wolf
  2249 | D        | Noticed a wolf
  2251 | D        | Killed a wolf
  2341 | D        | Noticed a fire giant
  2341 | D        | Noticed a slime creature
  2341 | D        | Noticed a deep troll earth mage
  2341 | D        | Noticed an ettin
  2341 | D        | Noticed a centaur warrior
  2341 | D        | Noticed a frost giant
  2342 | D        | Noticed a fire giant
  2357 | D        | Killed a fire giant
  2358 | D        | Noticed an entropy weaver
  2361 | D        | Killed a slime creature
  2362 | D        | Noticed a spriggan berserker
  2369 | D        | Killed a deep troll earth mage
  2383 | D        | Noticed a quicksilver dragon
  2384 | D        | Killed a frost giant
  2384 | D        | Reached skill level 19 in Shields
  2398 | D        | Killed a fire giant
  2400 | D        | Noticed a cyan very ugly thing
  2402 | D        | Noticed a yaktaur captain
  2407 | D        | Killed an ettin
  2408 | D        | Noticed a giant orange brain
  2416 | D        | Killed a centaur warrior
  2422 | D        | Noticed a rakshasa
  2428 | D        | Killed an entropy weaver
  2428 | D        | Received a gift from Okawaru
  2433 | D        | Killed a spriggan berserker
  2440 | D        | Noticed a yaktaur captain
  2444 | D        | Noticed a vampire mage
  2447 | D        | Killed a quicksilver dragon
  2448 | D        | Noticed a stone giant
  2463 | D        | Killed a cyan very ugly thing
  2484 | D        | Killed a yaktaur captain
  2511 | D        | Killed a yaktaur captain
  2514 | D        | Killed a vampire mage
  2527 | D        | Killed a stone giant
  2535 | D        | Killed a giant orange brain
  2541 | D        | Killed a rakshasa
  2546 | D        | Noticed a lich
  2559 | D        | Noticed a tentacled monstrosity
  2565 | D        | Slain by a tentacled monstrosity

Action                   |  1- 3 |  4- 6 |  7- 9 | 10-12 | 13-15 || total
-------------------------+-------+-------+-------+-------+-------++-------
Melee: Flail             |    45 |    25 |       |       |       ||    70
       Broad axe         |       |    25 |    95 |   391 |   413 ||   924
Invok: Heroism           |       |       |     3 |     8 |     4 ||    15
       Finesse           |       |       |       |     7 |     4 ||    11
  Use: Potion            |       |     1 |     1 |     2 |     7 ||    11
       Scroll            |       |       |       |     1 |       ||     1
 Stab: Sleeping          |       |       |       |     1 |       ||     1
  Eat: Chunk             |       |     4 |       |     8 |     4 ||    16
